[Event "XII Paracin Festival 2019"]
[Site "Paracin"]
[Date "2019.07.11"]
[Round "8.26"]
[White "Harvey, Marcus R"]
[Black "Tadic, Stefan"]
[Result "1-0"]
[ECO "A03"]
[WhiteElo "2402"]
[BlackElo "2262"]
[Annotator "NA"]
[PlyCount "111"]
[EventDate "2019.07.05"]
[EventType "swiss"]
[EventCountry "SRB"]
[SourceTitle "playchess.com"]
[Source "ChessBase"]
[SourceQuality "1"]
[TimeControl "5400+30"]

1. f4 d5 2. Nf3 c5 3. g3 Nf6 4. Bg2 g6 5. O-O Bg7 6. d3 O-O 7. c3 Nc6 8. Qc2 Qb6 9. Kh1 Rd8 10. Na3 Qa6 11. e4 c4 12. dxc4 dxe4 13. Ng5 Na5 14. Nxe4 Nxc4 15. Qe2 Nxa3 16. Qxa6 bxa6 17. Nxf6+ Bxf6 18. Bxa8 Bf5 19. g4 Bd3 20. Rd1 Be4+ 21. Bxe4 Rxd1+ 22. Kg2 Nc4 23. Bf3 Rd8 24. Be2 Nb6 25. a4 a5 26. Ra3 e5 27. fxe5 Bxe5 28. Rb3 Re8 29. Bf3 Bc7 30. Bh6 f6 31. h4 Kf7 32. Bc1 Re7 33. Rb5 Nxa4 34. Bd1 Nb6 35. Rxa5 Bb8 36. Kf2 Re4 37. Bf3 Re7 38. Ra6 Ke8 39. Be3 Kd8 40. Bd4 Rf7 41. Ke2 Kc7 42. Kd3 f5 43. g5 Rd7 44. Kc2 Re7 45. Ra5 Kc8 46. Rc5+ Bc7 47. h5 Kb8 48. hxg6 hxg6 49. Rc6 Nd7 50. Rxg6 Bb6 51. Rg7 Rxg7 52. Bxg7 Kc7 53. g6 Kd6 54. c4 Ke7 55. Bc3 Nf6 56. g7 1-0

[Event "XII Paracin Festival 2019"]
[Site "Paracin"]
[Date "2019.07.11"]
[Round "8.27"]
[White "Holland, James P"]
[Black "Martic, Ivan"]
[Result "1/2-1/2"]
[ECO "B80"]
[WhiteElo "2263"]
[BlackElo "2392"]
[Annotator "NA"]
[PlyCount "42"]
[EventDate "2019.07.05"]
[EventType "swiss"]
[EventCountry "SRB"]
[SourceTitle "playchess.com"]
[Source "ChessBase"]
[SourceQuality "1"]
[TimeControl "5400+30"]

1. e4 c5 2. Nf3 d6 3. d4 cxd4 4. Nxd4 Nf6 5. Nc3 e6 6. g3 Nc6 7. Bg2 Bd7 8. O-O a6 9. Re1 Be7 10. a4 O-O 11. b3 Rc8 12. Bb2 Qc7 13. Qd3 Nxd4 14. Qxd4 e5 15. Qe3 Rfd8 16. Re2 b6 17. Qd3 Qb7 18. Rae1 b5 19. axb5 axb5 20. Nd5 Nxd5 21. exd5 b4 1/2-1/2

[Event "XII Paracin Festival 2019"]
[Site "Paracin"]
[Date "2019.07.11"]
[Round "8.28"]
[White "Popovic, Aleksandar M"]
[Black "Liu, Zhaoqi"]
[Result "0-1"]
[ECO "C03"]
[WhiteElo "2234"]
[BlackElo "2386"]
[Annotator "NA"]
[PlyCount "50"]
[EventDate "2019.07.05"]
[EventType "swiss"]
[EventCountry "SRB"]
[SourceTitle "playchess.com"]
[Source "ChessBase"]
[SourceQuality "1"]
[TimeControl "5400+30"]

1. e4 e6 2. d4 d5 3. Nd2 Be7 4. Bd3 c5 5. Ngf3 Nf6 6. c3 cxd4 7. Nxd4 e5 8. N4f3 Nc6 9. O-O O-O 10. Qc2 Bg4 11. Re1 Rc8 12. exd5 Qxd5 13. Bc4 Qd7 14. Bb5 Bf5 15. Qa4 Bd6 16. Nc4 e4 17. Nfe5 Bxe5 18. Nxe5 Qc7 19. Nxc6 bxc6 20. Ba6 Ng4 21. g3 Ne5 22. Bf4 Nf3+ 23. Kh1 Qb6 24. g4 Nxe1 25. Rxe1 Bxg4 0-1

[Event "XII Paracin Festival 2019"]
[Site "Paracin"]
[Date "2019.07.11"]
[Round "8.29"]
[White "Vafin, Ayrat"]
[Black "Nie, Xinyang"]
[Result "1-0"]
[ECO "A06"]
[WhiteElo "2213"]
[BlackElo "2375"]
[Annotator "NA"]
[PlyCount "77"]
[EventDate "2019.07.05"]
[EventType "swiss"]
[EventCountry "SRB"]
[SourceTitle "playchess.com"]
[Source "ChessBase"]
[SourceQuality "1"]
[TimeControl "5400+30"]

1. Nf3 d5 2. g3 Bg4 3. Bg2 Nd7 4. d4 Ngf6 5. O-O e6 6. Nbd2 c6 7. Re1 Be7 8. e4 dxe4 9. Nxe4 h6 10. c3 Qa5 11. Nxf6+ Bxf6 12. h3 Bh5 13. Qb3 O-O-O 14. Nd2 g5 15. Nc4 Qc7 16. Qa3 Kb8 17. Be3 a6 18. b4 e5 19. d5 cxd5 20. Bxd5 Nc5 21. bxc5 Rxd5 22. Rab1 Bg6 23. Rb6 Be7 24. Qxa6 Bd3 25. c6 Qxc6 26. Na5 Rxa5 27. Qxa5 Qc7 28. Qa4 f5 29. Re6 Bd6 30. Re8+ Rxe8 31. Qxe8+ Qc8 32. Ba7+ Kc7 33. Bb6+ Kb8 34. Rxe5 Bxe5 35. Ba7+ Kc7 36. Qxe5+ Kd8 37. Bb6+ Kd7 38. Qd5+ Ke8 39. Qxd3 1-0

[Event "XII Paracin Festival 2019"]
[Site "Paracin"]
[Date "2019.07.11"]
[Round "8.30"]
[White "Tanriverdi, Enes"]
[Black "Sahil, Tickoo"]
[Result "1-0"]
[ECO "D37"]
[WhiteElo "2374"]
[BlackElo "2187"]
[Annotator "NA"]
[PlyCount "113"]
[EventDate "2019.07.05"]
[EventType "swiss"]
[EventCountry "SRB"]
[SourceTitle "playchess.com"]
[Source "ChessBase"]
[SourceQuality "1"]
[TimeControl "5400+30"]

1. d4 d5 2. c4 e6 3. Nc3 Be7 4. Nf3 Nf6 5. Bf4 O-O 6. e3 b6 7. Bd3 c5 8. dxc5 bxc5 9. cxd5 exd5 10. O-O Nc6 11. Rc1 h6 12. h3 Be6 13. Qe2 c4 14. Bb1 d4 15. exd4 Nxd4 16. Nxd4 Qxd4 17. Be5 Qh4 18. Nb5 Rac8 19. Nc7 Rxc7 20. Bxc7 Bc5 21. Be5 Qg5 22. Rc3 Nd7 23. Bg3 Bb6 24. Rd1 Nf6 25. Qe5 Rc8 26. Qxg5 hxg5 27. Be5 Nd5 28. Rf3 f6 29. Bd4 g4 30. Bf5 Bxf5 31. Rxf5 Ne7 32. Rf4 Rd8 33. Rd2 g3 34. Be3 gxf2+ 35. Kf1 Rb8 36. Bxb6 axb6 37. Rxc4 Nf5 38. Kxf2 Rb7 39. g4 Ne7 40. a4 Ng6 41. Rb4 Ra7 42. b3 Rc7 43. Rc4 Rf7 44. Rc6 Nf4 45. Rxb6 Nxh3+ 46. Ke3 Ng5 47. Rd8+ Kh7 48. a5 Re7+ 49. Kd3 Ne6 50. Rdd6 Nf4+ 51. Kc4 Re2 52. a6 Ra2 53. Rb7 Rc2+ 54. Kb5 Rc3 55. b4 Ne2 56. a7 Ra3 57. Rc7 1-0

[Event "XII Paracin Festival 2019"]
[Site "Paracin"]
[Date "2019.07.12"]
[Round "9.2"]
[White "Korpa, Bence"]
[Black "Svetushkin, Dmitry"]
[Result "1/2-1/2"]
[ECO "A07"]
[WhiteElo "2523"]
[BlackElo "2528"]
[Annotator "ChessBase"]
[PlyCount "89"]
[EventDate "2019.07.05"]
[EventType "swiss"]
[EventCountry "SRB"]
[SourceTitle "playchess.com"]
[Source "ChessBase"]
[SourceQuality "1"]
[TimeControl "5400+30"]

1. Nf3 d5 2. g3 c6 3. Bg2 Bg4 4. O-O Nf6 5. h3 Bh5 6. d4 e6 7. c4 Be7 8. Nc3 Nbd7 9. cxd5 cxd5 10. Qb3 Qb6 11. Ne5 Nxe5 12. dxe5 Nd7 13. Be3 Bc5 14. Bxc5 Nxc5 15. Qxb6 axb6 16. g4 Bg6 17. f4 h5 18. b4 Nd7 19. e4 hxg4 20. exd5 gxh3 21. Bf3 h2+ 22. Kh1 exd5 23. Nxd5 Ra3 24. Rac1 Kd8 25. Bg2 Bf5 26. Rfd1 Rd3 27. Rxd3 Bxd3 28. Rd1 Bf5 29. Ne3 Bh3 30. Bxb7 Rh4 31. Rc1 g6 32. Rc8+ Ke7 33. Nd5+ Ke6 34. Ne3 Ke7 35. Nd5+ Ke6 36. Kxh2 g5 37. Kg3 f6 38. exf6 Bf5 39. fxg5 Rg4+ 40. Kf2 Rxg5 41. Re8+ Kf7 42. Re7+ Kf8 43. Re3 Bb1 44. Bc6 Ne5 45. Nxb6 1/2-1/2

[Event "XII Paracin Festival 2019"]
[Site "Paracin"]
[Date "2019.07.12"]
[Round "9.3"]
[White "Tan, Justin"]
[Black "Bashirli, Nail"]
[Result "0-1"]
[ECO "E41"]
[WhiteElo "2513"]
[BlackElo "2367"]
[Annotator "ChessBase"]
[PlyCount "140"]
[EventDate "2019.07.05"]
[EventType "swiss"]
[EventCountry "SRB"]
[SourceTitle "playchess.com"]
[Source "ChessBase"]
[SourceQuality "1"]
[TimeControl "5400+30"]

1. d4 Nf6 2. c4 e6 3. Nc3 Bb4 4. e3 c5 5. Bd3 d5 6. cxd5 exd5 7. dxc5 O-O 8. Nge2 Nc6 9. O-O Bxc5 10. b3 Re8 11. Bb2 Bg4 12. h3 Bh5 13. Qd2 Ne4 14. Nxe4 dxe4 15. Qc3 Bf8 16. Bc4 Ne5 17. Nf4 Qg5 18. Kh1 Rac8 19. Qa5 Rc5 20. Qa4 Nc6 21. g4 Bg6 22. Be2 Ra5 23. Qc4 Rc5 24. Qa4 Bd6 25. Ba3 Ra5 26. Bxd6 Rxa4 27. bxa4 Ne5 28. Rfd1 Nd3 29. Kg2 Qf6 30. Bc7 Rc8 31. Bxd3 exd3 32. Rac1 Be4+ 33. f3 Bc6 34. Ba5 h6 35. Nd5 Qb2+ 36. Bd2 Re8 37. Rb1 Qxa2 38. Nc3 Qe6 39. e4 Rc8 40. a5 Qe5 41. Ra1 Bd7 42. Rdc1 Rc4 43. Ra3 Rb4 44. Nd1 Rxe4 45. fxe4 Qxe4+ 46. Kg3 Qe2 47. Ra2 Be6 48. Nc3 Qe5+ 49. Bf4 Qd4 50. Rf2 b6 51. axb6 axb6 52. Bd2 Qd6+ 53. Bf4 Qd4 54. Bd2 Bc4 55. Rf4 Qe5 56. Re1 Qb8 57. Kg2 b5 58. Rb1 Qa8+ 59. Kf2 Qa7+ 60. Kg2 Qb7+ 61. Kf2 Qb6+ 62. Kg2 Qc6+ 63. Kg3 Qd6 64. Kg2 Kh7 65. h4 Qc6+ 66. Kg3 Qc5 67. h5 Qe5 68. Kh3 Qc5 69. Rf5 Qe7 70. Rf4 b4 0-1

[Event "XII Paracin Festival 2019"]
[Site "Paracin"]
[Date "2019.07.12"]
[Round "9.4"]
[White "Song, Raymond"]
[Black "Gadimbayli, Abdulla"]
[Result "1-0"]
[ECO "C10"]
[WhiteElo "2456"]
[BlackElo "2414"]
[Annotator "RC"]
[PlyCount "71"]
[EventDate "2019.07.05"]
[EventType "swiss"]
[EventCountry "SRB"]
[SourceTitle "playchess.com"]
[Source "ChessBase"]
[SourceQuality "1"]
[TimeControl "5400+30"]

1. e4 e6 2. d4 d5 3. Nc3 h6 4. a3 dxe4 5. Nxe4 Bd7 6. Nf3 Bc6 7. Bd3 Nd7 8. O-O Ngf6 9. Ng3 Bd6 10. Re1 Bxg3 11. hxg3 O-O 12. c4 b6 13. Bf4 Bb7 14. Qd2 Ng4 15. Bc2 Re8 16. Rad1 Nf8 17. Qc3 Qd7 18. b4 a5 19. b5 c6 20. bxc6 Bxc6 21. Qb3 b5 22. cxb5 Bd5 23. Qb2 Qb7 24. b6 Nd7 25. Rb1 Rec8 26. Bc7 Ndf6 27. Ba4 Ne4 28. Re2 Rxc7 29. bxc7 Qxc7 30. Rc2 Qe7 31. Ne5 Nxe5 32. dxe5 Nc5 33. Rbc1 Nxa4 34. Rc8+ Kh7 35. Qb1+ g6 36. R1c7 1-0

[Event "XII Paracin Festival 2019"]
[Site "Paracin"]
[Date "2019.07.12"]
[Round "9.8"]
[White "Janzelj, Tim"]
[Black "Asadli, Vugar"]
[Result "1/2-1/2"]
[ECO "E20"]
[WhiteElo "2416"]
[BlackElo "2502"]
[Annotator "ChessBase"]
[PlyCount "118"]
[EventDate "2019.07.05"]
[EventType "swiss"]
[EventCountry "SRB"]
[SourceTitle "playchess.com"]
[Source "ChessBase"]
[SourceQuality "1"]
[TimeControl "5400+30"]

1. d4 Nf6 2. c4 e6 3. Nc3 Bb4 4. Bd2 O-O 5. Nf3 b6 6. e3 Bb7 7. Bd3 d6 8. O-O Nbd7 9. a3 Bxc3 10. Bxc3 Qe7 11. Nd2 c5 12. Re1 Rfd8 13. e4 cxd4 14. Bxd4 e5 15. Bc3 Nc5 16. Bc2 Rac8 17. a4 a5 18. f3 Ne6 19. Qe2 Nd7 20. Qf2 Nf4 21. Rad1 g6 22. Kh1 h5 23. b3 h4 24. Nf1 Kg7 25. Ne3 Nc5 26. Rd2 Rh8 27. Ng4 f6 28. Ne3 Rcd8 29. Rb1 Bc6 30. Ba1 Qc7 31. Qf1 Na6 32. Bc3 Bb7 33. Rbd1 Kf7 34. Bb2 Nb4 35. Bb1 Ne6 36. Bc3 Qc5 37. Qe1 h3 38. g3 Ng5 39. Qe2 f5 40. Nd5 Bxd5 41. exd5 Rhe8 42. Rf1 Nh7 43. Qe1 Nf6 44. Re2 Rh8 45. f4 e4 46. g4 Nxg4 47. Rxe4 Nxd5 48. Bd4 Qc6 49. cxd5 Qxd5 50. Bd3 Rc8 51. Bc4 Rxc4 52. bxc4 Qc6 53. Bxh8 fxe4 54. Qe2 e3+ 55. Kg1 Nf2 56. Rxf2 exf2+ 57. Kxf2 Qg2+ 58. Ke3 Qg1+ 59. Kf3 Qh1+ {[%emt 0:11:18] Ke4} 1/2-1/2

[Event "XII Paracin Festival 2019"]
[Site "Paracin"]
[Date "2019.07.12"]
[Round "9.9"]
[White "Lorparizangeneh, Shahin"]
[Black "Koksal, Ege"]
[Result "1-0"]
[ECO "D78"]
[WhiteElo "2494"]
[BlackElo "2368"]
[Annotator "ChessBase"]
[PlyCount "106"]
[EventDate "2019.07.05"]
[EventType "swiss"]
[EventCountry "SRB"]
[SourceTitle "playchess.com"]
[Source "ChessBase"]
[SourceQuality "1"]
[TimeControl "5400+30"]

1. Nf3 d5 2. g3 g6 3. Bg2 Bg7 4. d4 Nf6 5. c4 c6 6. O-O O-O 7. Qb3 Qb6 8. Nc3 Be6 9. cxd5 Qxb3 10. axb3 Nxd5 11. Ne4 Na6 12. Bd2 Ndc7 13. b4 Bd5 14. Ne5 Rfd8 15. Bc3 f6 16. Nd3 Bxe4 17. Bxe4 f5 18. Bf3 Bxd4 19. Bxd4 Rxd4 20. b5 Nxb5 21. Bxc6 bxc6 22. Rxa6 Rd6 23. Rc1 Rc8 24. Kf1 Rc7 25. Ra5 Rb7 26. Rc4 Kg7 27. b4 Rb8 28. Ne5 Rb6 29. Rc1 Rb7 30. Rxc6 Rxc6 31. Nxc6 Kf6 32. f4 Rb6 33. Ne5 Ke6 34. Ke1 Nd4 35. Rxa7 Nc2+ 36. Kf2 Nxb4 37. Nf3 h6 38. h4 Nd5 39. Ne5 g5 40. hxg5 hxg5 41. Nc4 Rc6 42. Na5 Rc2 43. fxg5 Nc3 44. Ra6+ Kf7 45. Nc6 Rxe2+ 46. Kf3 Re1 47. Nd8+ Kg7 48. Ne6+ Kf7 49. Nf4 Rf1+ 50. Kg2 Rd1 51. g6+ Kg8 52. Ne6 Rd2+ 53. Kh3 Rd1 1-0

[Event "XII Paracin Festival 2019"]
[Site "Paracin"]
[Date "2019.07.12"]
[Round "9.10"]
[White "Ratkovic, Milovan"]
[Black "Kosic, Dragan"]
[Result "0-1"]
[ECO "A05"]
[WhiteElo "2407"]
[BlackElo "2482"]
[Annotator "RC"]
[PlyCount "84"]
[EventDate "2019.07.05"]
[EventType "swiss"]
[EventCountry "SRB"]
[SourceTitle "playchess.com"]
[Source "ChessBase"]
[SourceQuality "1"]
[TimeControl "5400+30"]

1. Nf3 Nf6 2. b3 e6 3. Bb2 b6 4. e3 Bb7 5. c4 c5 6. Nc3 Nc6 7. Be2 Be7 8. a3 O-O 9. Qc2 d5 10. cxd5 exd5 11. h4 d4 12. Ne4 Nxe4 13. Qxe4 Na5 14. Qc2 Bd5 15. b4 cxb4 16. axb4 Rc8 17. Qb1 Nb3 18. e4 Nxa1 19. O-O Nc2 20. exd5 Qxd5 21. Bd3 Qb3 22. Ne1 Nxb4 23. Bxh7+ Kh8 24. Be4 Bf6 25. Nf3 Rfe8 26. d3 Qa2 27. Qxa2 Nxa2 28. g4 Rc2 29. Ba1 Nc3 30. g5 Be5 31. Re1 Nxe4 32. dxe4 d3 33. Bxe5 Rxe5 34. Rd1 Rxe4 35. Rxd3 g6 36. Rd7 Rf4 37. Kg2 a5 38. Kg3 Rf5 39. Kg4 Rc4+ 40. Nd4 Rxf2 41. h5 Rd2 42. Rd8+ Kg7 0-1

[Event "XII Paracin Festival 2019"]
[Site "Paracin"]
[Date "2019.07.12"]
[Round "9.11"]
[White "Petrov, Martin"]
[Black "Nandhidhaa, P V"]
[Result "1/2-1/2"]
[ECO "B47"]
[WhiteElo "2480"]
[BlackElo "2259"]
[Annotator "RC"]
[PlyCount "57"]
[EventDate "2019.07.05"]
[EventType "swiss"]
[EventCountry "SRB"]
[SourceTitle "playchess.com"]
[Source "ChessBase"]
[SourceQuality "1"]
[TimeControl "5400+30"]

1. e4 c5 2. Nf3 e6 3. d4 cxd4 4. Nxd4 Nc6 5. Nc3 Qc7 6. Be2 Nf6 7. O-O Be7 8. Kh1 O-O 9. f4 d6 10. Be3 Nxd4 11. Bxd4 e5 12. Be3 a6 13. a4 exf4 14. Bxf4 Be6 15. Qe1 Nd7 16. Qg3 Ne5 17. Rad1 Rad8 18. Bc1 Rc8 19. h4 Qd8 20. h5 Bh4 21. Qh2 h6 22. Bf4 Qe7 23. Rxd6 Qxd6 24. Bxe5 Qd8 25. Rd1 Qg5 26. Bf4 Qf6 27. Be5 Qg5 28. Bf4 Qf6 29. Be5 1/2-1/2

[Event "XII Paracin Festival 2019"]
[Site "Paracin"]
[Date "2019.07.12"]
[Round "9.13"]
[White "Stankovic, Milos"]
[Black "McPhillips, Joseph"]
[Result "0-1"]
[ECO "C11"]
[WhiteElo "2462"]
[BlackElo "2412"]
[Annotator "ChessBase"]
[PlyCount "108"]
[EventDate "2019.07.05"]
[EventType "swiss"]
[EventCountry "SRB"]
[SourceTitle "playchess.com"]
[Source "ChessBase"]
[SourceQuality "1"]
[TimeControl "5400+30"]

1. e4 e6 2. d4 d5 3. Nc3 Nf6 4. Bg5 dxe4 5. Nxe4 Be7 6. Bxf6 gxf6 7. Qd2 f5 8. Nc3 a6 9. g3 Qd6 10. O-O-O c6 11. Bg2 Nd7 12. Nf3 b5 13. Qe2 Bb7 14. Rhe1 O-O-O 15. Kb1 Qc7 16. Qe3 Nb6 17. Ne5 Bb4 18. f4 Kb8 19. Qf3 Rc8 20. a3 Bd6 21. Qh5 Rhf8 22. Re2 Nd7 23. Qh6 Nxe5 24. fxe5 Be7 25. Na2 Rh8 26. Nc1 Rcd8 27. Red2 Rhg8 28. Qh5 Bg5 29. Rd3 f6 30. exf6 Bxf6 31. Nb3 f4 32. Nc5 Bc8 33. Qf3 e5 34. gxf4 exd4 35. Qxc6 Rxg2 36. Nxa6+ Bxa6 37. Qxg2 Bb7 38. Qe2 Bd5 39. Qh5 Qc6 40. Re1 Rc8 41. Rd2 Qc4 42. b3 Qc5 43. Qf5 Qc6 44. Re5 Bxe5 45. Qxe5+ Kb7 46. Qxd4 Be4 47. Kb2 Bxc2 48. Re2 Rc7 49. a4 Bg6 50. Ka3 bxa4 51. Re5 Qc1+ 52. Kxa4 Kc8 53. Ra5 Be8+ 54. Kb4 Qe1+ 0-1

[Event "XII Paracin Festival 2019"]
[Site "Paracin"]
[Date "2019.07.12"]
[Round "9.14"]
[White "Maksimovic, Bojan"]
[Black "Tanriverdi, Enes"]
[Result "1/2-1/2"]
[ECO "B85"]
[WhiteElo "2326"]
[BlackElo "2374"]
[Annotator "ChessBase"]
[PlyCount "241"]
[EventDate "2019.07.05"]
[EventType "swiss"]
[EventCountry "SRB"]
[SourceTitle "playchess.com"]
[Source "ChessBase"]
[SourceQuality "1"]
[TimeControl "5400+30"]

1. e4 c5 2. Nf3 e6 3. d4 cxd4 4. Nxd4 Nc6 5. Nc3 Qc7 6. Be2 a6 7. O-O Nf6 8. Be3 Be7 9. f4 d6 10. Qe1 O-O 11. Qg3 Nxd4 12. Bxd4 b5 13. a3 Bb7 14. Rae1 Rad8 15. Bd3 Bc6 16. Kh1 Qd7 17. Qh3 e5 18. fxe5 Qxh3 19. gxh3 dxe5 20. Bxe5 Rfe8 21. b4 Rc8 22. Re2 Nd7 23. Bg3 Bd8 24. a4 Bb7 25. Be1 Bf6 26. Nd5 bxa4 27. Rg2 Bxd5 28. exd5 a3 29. c4 Ne5 30. Rxf6 Nxd3 31. Bc3 Rxc4 32. Rc6 Rxc6 33. Rxg7+ Kf8 34. dxc6 Rc8 35. b5 axb5 36. Rg3 Rxc6 37. Bg7+ Ke7 38. Re3+ Re6 39. Rxd3 b4 40. Rb3 f6 41. Rxb4 a2 42. Rb7+ Kd6 43. Ra7 Re1+ 44. Kg2 a1=Q 45. Rxa1 Rxa1 46. Bxf6 Ra2+ 47. Kg3 Ke6 48. Bh8 Kf5 49. Bg7 Ra3+ 50. Kg2 Ra6 51. Kf3 Ra3+ 52. Kg2 Ke4 53. Bf8 Rd3 54. Bg7 Rd6 55. Bc3 Ke3 56. Kg3 Rg6+ 57. Kh4 Kf3 58. Kh5 Kg2 59. h4 Kxh2 60. Bd2 Kg3 61. Bg5 Kf3 62. Bd2 Ke4 63. Bg5 Kf5 64. Bc1 Ke6 65. Bd2 Kf7 66. Be3 Re6 67. Bd4 Kg8 68. Bc3 h6 69. Bd2 Kh7 70. Bf4 Ra6 71. Kg4 Rg6+ 72. Kh5 Rf6 73. Kg4 Rg6+ 74. Kh5 Rb6 75. Kg4 Rb5 76. h5 Kg7 77. Be3 Rb4+ 78. Bf4 Kf6 79. Kf3 Kf5 80. Bxh6 Rh4 81. Be3 Rxh5 82. Bf2 Rh3+ 83. Kg2 Kg4 84. Bg1 Ra3 85. Kh1 Kh3 86. Bf2 Ra1+ 87. Bg1 Ra2 88. Be3 Kg3 89. Bg1 Rg2 90. Bd4 Rh2+ 91. Kg1 Rd2 92. Be5+ Kf3 93. Bc7 Rg2+ 94. Kh1 Rg6 95. Bh2 Kf2 96. Bc7 Rc6 97. Be5 Rc4 98. Bd6 Rc1+ 99. Kh2 Rc6 100. Bg3+ Kf3 101. Be5 Rc4 102. Bd6 Rh4+ 103. Kg1 Rh6 104. Bc7 Rg6+ 105. Kh1 Kf2 106. Bh2 Rg2 107. Bd6 Kf1 108. Bh2 Rb2 109. Bg1 Rb3 110. Bh2 Kf2 111. Bg1+ Kg3 112. Bh2+ Kf3 113. Bg1 Rb7 114. Bh2 Rh7 115. Kg1 Rd7 116. Kh1 Rd1+ 117. Bg1 Ra1 118. Kh2 Ra2+ 119. Kh1 Kg3 120. Bc5 Rc2 121. Bg1 1/2-1/2

[Event "XII Paracin Festival 2019"]
[Site "Paracin"]
[Date "2019.07.12"]
[Round "9.16"]
[White "O`Donnell, Conor"]
[Black "Harvey, Marcus R"]
[Result "0-1"]
[ECO "E18"]
[WhiteElo "2341"]
[BlackElo "2402"]
[Annotator "RC"]
[PlyCount "78"]
[EventDate "2019.07.05"]
[EventType "swiss"]
[EventCountry "SRB"]
[SourceTitle "playchess.com"]
[Source "ChessBase"]
[SourceQuality "1"]
[TimeControl "5400+30"]

1. Nf3 Nf6 2. c4 e6 3. g3 b6 4. Bg2 Bb7 5. O-O Be7 6. d4 O-O 7. Nc3 Ne4 8. Bd2 d6 9. d5 Nxd2 10. Nxd2 e5 11. e4 g6 12. Qc2 Nd7 13. b4 Nf6 14. Nb3 Nh5 15. c5 Bc8 16. a4 f5 17. f3 Bg5 18. a5 Be3+ 19. Kh1 Qg5 20. Bh3 bxc5 21. bxc5 Rb8 22. Nd1 Nxg3+ 23. hxg3 Qxg3 24. Nxe3 Qxh3+ 25. Kg1 fxe4 26. Rab1 Ba6 27. Rfc1 Bd3 28. Qg2 Qxg2+ 29. Nxg2 Bxb1 30. Rxb1 Rxf3 31. Nd2 Rxb1+ 32. Nxb1 Rd3 33. cxd6 cxd6 34. Kf2 Rxd5 35. Nc3 Rxa5 36. Ne3 Kf7 37. Nc4 Ra6 38. Nxe4 Ra2+ 39. Ned2 Ke6 0-1

[Event "XII Paracin Festival 2019"]
[Site "Paracin"]
[Date "2019.07.12"]
[Round "9.18"]
[White "Ozsoy, Alimert"]
[Black "Avalyan, Artur"]
[Result "0-1"]
[ECO "C18"]
[WhiteElo "2087"]
[BlackElo "2351"]
[Annotator "ChessBase"]
[PlyCount "112"]
[EventDate "2019.07.05"]
[EventType "swiss"]
[EventCountry "SRB"]
[SourceTitle "playchess.com"]
[Source "ChessBase"]
[SourceQuality "1"]
[TimeControl "5400+30"]

1. e4 e6 2. d4 d5 3. Nc3 Bb4 4. e5 Ne7 5. a3 Bxc3+ 6. bxc3 c5 7. Qg4 Qc7 8. Qxg7 Rg8 9. Qxh7 cxd4 10. Ne2 Nbc6 11. f4 Bd7 12. h4 dxc3 13. h5 O-O-O 14. Qd3 Kb8 15. Qxc3 d4 16. Qc4 Nf5 17. h6 Rg6 18. h7 Rh8 19. Rb1 Rg7 20. Kf2 Rgxh7 21. Rxh7 Rxh7 22. g3 Nce7 23. Qxc7+ Kxc7 24. Bb2 Bc6 25. Nxd4 Rh2+ 26. Kg1 Rh1+ 27. Kf2 Nxd4 28. Bxd4 b6 29. c3 Rh2+ 30. Kg1 Rh1+ 31. Kf2 Rh2+ 32. Kg1 Ra2 33. c4 Rxa3 34. Bf2 Nf5 35. g4 Ne3 36. Be2 Rc3 37. Ra1 Kb7 38. Rb1 Nxc4 39. Bxc4 Rxc4 40. Be3 Rc2 41. Bf2 Bf3 42. g5 Be4 43. Rb4 Bd5 44. Rd4 Kc6 45. Rd3 a5 46. f5 Rc4 47. f6 Rg4+ 48. Rg3 Rxg3+ 49. Bxg3 Be4 50. Kf2 b5 51. Ke3 Kd5 52. Kd2 Kc4 53. Kc1 Kb3 54. Be1 a4 55. Bf2 b4 56. Be3 Ka2 0-1

[Event "XII Paracin Festival 2019"]
[Site "Paracin"]
[Date "2019.07.12"]
[Round "9.20"]
[White "Nestorovic, Dejan"]
[Black "Mullick, Raahil"]
[Result "1-0"]
[ECO "D12"]
[WhiteElo "2341"]
[BlackElo "2211"]
[Annotator "ChessBase"]
[PlyCount "77"]
[EventDate "2019.07.05"]
[EventType "swiss"]
[EventCountry "SRB"]
[SourceTitle "playchess.com"]
[Source "ChessBase"]
[SourceQuality "1"]
[TimeControl "5400+30"]

1. d4 d5 2. c4 c6 3. Nf3 Nf6 4. e3 Bf5 5. Nc3 e6 6. Nh4 Be4 7. f3 Bg6 8. Qb3 Qc7 9. g3 Be7 10. cxd5 cxd5 11. e4 dxe4 12. Nxg6 hxg6 13. fxe4 Nc6 14. Bf4 Qd7 15. O-O-O O-O 16. d5 exd5 17. exd5 Na5 18. Qb5 Qxb5 19. Bxb5 a6 20. Rhe1 Bb4 21. Bf1 Rac8 22. Kc2 Rfd8 23. Bh3 Rc5 24. d6 Bxc3 25. bxc3 Nd5 26. d7 Nc6 27. Re8+ Kh7 28. Bd6 Ra5 29. a3 f5 30. Rxd8 Ne3+ 31. Kc1 Nxd8 32. Rd3 Rd5 33. Rxd5 Nxd5 34. Bg2 Nxc3 35. Be7 Ne6 36. Kd2 Nb5 37. Bxb7 Nbc7 38. a4 Kg8 39. Bd6 1-0

[Event "XII Paracin Festival 2019"]
[Site "Paracin"]
[Date "2019.07.12"]
[Round "9.23"]
[White "Lee, Jun Hyeok"]
[Black "Vidic, Teja"]
[Result "1-0"]
[ECO "A45"]
[WhiteElo "2383"]
[BlackElo "2166"]
[Annotator "RC"]
[PlyCount "41"]
[EventDate "2019.07.05"]
[EventType "swiss"]
[EventCountry "SRB"]
[SourceTitle "playchess.com"]
[Source "ChessBase"]
[SourceQuality "1"]
[TimeControl "5400+30"]

1. d4 Nf6 2. Bf4 e6 3. e3 c5 4. Nf3 b6 5. Nc3 Nh5 6. Bg5 Be7 7. Bxe7 Qxe7 8. d5 O-O 9. d6 Qe8 10. Ne5 f5 11. Qf3 Nc6 12. Bb5 Bb7 13. Bxc6 Bxc6 14. Nxc6 dxc6 15. d7 Qf7 16. Qxc6 Rad8 17. O-O-O Nf6 18. Nb5 Nd5 19. Nc7 Qxd7 20. Qxe6+ Rf7 21. Qxd5 1-0

[Event "XII Paracin Festival 2019"]
[Site "Paracin"]
[Date "2019.07.12"]
[Round "9.24"]
[White "Raahul V S"]
[Black "Franklin, Samuel G A"]
[Result "1/2-1/2"]
[ECO "E94"]
[WhiteElo "2251"]
[BlackElo "2339"]
[Annotator "ChessBase"]
[PlyCount "106"]
[EventDate "2019.07.05"]
[EventType "swiss"]
[EventCountry "SRB"]
[SourceTitle "playchess.com"]
[Source "ChessBase"]
[SourceQuality "1"]
[TimeControl "5400+30"]

1. c4 Nf6 2. Nc3 g6 3. e4 d6 4. d4 Bg7 5. Nf3 O-O 6. Be2 e5 7. O-O Nbd7 8. Be3 Ng4 9. Bg5 f6 10. Bh4 h5 11. b4 Nh6 12. Bg3 Nf7 13. c5 dxc5 14. dxc5 c6 15. Bc4 Qe7 16. Qb3 b5 17. cxb6 Nxb6 18. Na4 Kh7 19. Bxf7 Rxf7 20. Nc5 Nd7 21. Rfc1 Bh6 22. Rc2 a5 23. Ne6 a4 24. Qc4 Nb6 25. Qc5 Qxe6 26. Qxb6 Ra6 27. Qc5 Bf8 28. Qc3 Rb6 29. a3 Kg7 30. Nd2 c5 31. f3 Rc6 32. Rb1 Rb7 33. Bf2 Bd7 34. bxc5 Rxb1+ 35. Nxb1 Rc8 36. Qc4 Qxc4 37. Rxc4 Bb5 38. Rc1 Kf7 39. g3 Ke6 40. Kg2 Bc6 41. Nc3 Rb8 42. Rb1 Rxb1 43. Nxb1 f5 44. Nc3 Bh6 45. Kf1 Bc1 46. Ke2 Bxa3 47. Kd3 Bb4 48. Na2 Bb5+ 49. Kc2 Ba5 50. Be3 Bc6 51. Kd3 Bb5+ 52. Kc2 Bc6 53. Kd3 Bb5+ 1/2-1/2

[Event "XII Paracin Festival 2019"]
[Site "Paracin"]
[Date "2019.07.12"]
[Round "9.25"]
[White "Audi Ameya"]
[Black "Gallevci, Yagiz"]
[Result "1-0"]
[ECO "B10"]
[WhiteElo "2328"]
[BlackElo "2036"]
[Annotator "ChessBase"]
[PlyCount "69"]
[EventDate "2019.07.05"]
[EventType "swiss"]
[EventCountry "SRB"]
[SourceTitle "playchess.com"]
[Source "ChessBase"]
[SourceQuality "1"]
[TimeControl "5400+30"]

1. e4 c6 2. Nf3 d5 3. exd5 cxd5 4. Ne5 Nf6 5. d4 g6 6. Bb5+ Nbd7 7. O-O Bg7 8. Re1 O-O 9. Nf3 Nb6 10. Nbd2 Bf5 11. h3 Rc8 12. c3 a6 13. Bf1 Qd6 14. Ne5 Nfd7 15. Ndf3 f6 16. Ng4 e5 17. Nh6+ Bxh6 18. Bxh6 Rfe8 19. dxe5 fxe5 20. Qd2 Nf6 21. Rad1 Nbd7 22. g4 Be6 23. Bg2 Kh8 24. Nxe5 Nxe5 25. Rxe5 Nxg4 26. Rxe6 Qxe6 27. hxg4 Rc4 28. Qxd5 Qxd5 29. Rxd5 Rxg4 30. Kf1 Rh4 31. Bg5 Rh5 32. Bf6+ Kg8 33. Rd7 Re6 34. Bd4 Kf8 35. Bd5 1-0